TOP OF THE 1ST |
---|
Memphis Blues batting - Pitching for Gainesville Guidos : LHP Ben Head | Pitching: LHP Ben Head | | Batting: LHB Armando Domínguez | 0-0: Ground out 5-3 (Groundball, 2L) | Batting: RHB Jesús Sánchez | 0-0: Foul Ball, location: 2F 0-1: Ball 1-1: Ball 2-1: Foul Ball, location: 2F 2-2: Foul Ball, location: 2F 2-2: Ball 3-2: Strikes out swinging | Batting: LHB Weston Chaney | 0-0: Called Strike 0-1: Swinging Strike 0-2: Strikes out swinging | Top of the 1st over - 0 runs, 0 hits, 0 errors, 0 left on base; Memphis 0 - Gainesville 0 | BOTTOM OF THE 1ST |
---|
Gainesville Guidos batting - Pitching for Memphis Blues : LHP Ramón Vázquez | Pitching: LHP Ramón Vázquez | | Batting: RHB Mark McDonald | 0-0: Called Strike 0-1: Fly out, F4 (Popup, 4) | Batting: LHB Eddy Jefferson | 0-0: Called Strike 0-1: SINGLE (Flyball, 9LS) | Batting: RHB Doug Coleman | 0-0: Called Strike Throwing error on steal attempt, E2 Eddy Jefferson to third 0-1: Ball 1-1: Foul Ball, location: 2F 1-2: Strikes out swinging | Batting: RHB Augusto Baca | 0-0: Ball 1-0: Ball 2-0: Foul Ball, location: 2F 2-1: Ball 3-1: Base on Balls | Batting: RHB Dave Hall | 0-0: Called Strike 0-1: Ball 1-1: Ball 2-1: Foul Ball, location: 2F 2-2: Fly out, F1 (Popup, P) | Bottom of the 1st over - 0 runs, 1 hit, 1 error, 2 left on base; Memphis 0 - Gainesville 0 | TOP OF THE 2ND |
---|
Memphis Blues batting - Pitching for Gainesville Guidos : LHP Ben Head | Batting: RHB Aaron Grizzle | 0-0: Called Strike 0-1: Called Strike 0-2: Reached on error, E5 (Groundball, 56) | Batting: RHB Jorge Domínguez | 0-0: Ball 1-0: Foul Ball, location: 2F 1-1: Ball 2-1: Ball 3-1: Called Strike 3-2: Ground out U3 (Groundball, 23) Aaron Grizzle to third | Batting: LHB Phil Cantrell | 0-0: SINGLE (Line Drive, 6MD) Aaron Grizzle scores | Batting: RHB Dennis Mays | 0-0: Called Strike 0-1: Grounds into double play, 5-4-3 (Groundball, 56) | Top of the 2nd over - 1 run, 1 hit, 1 error, 0 left on base; Memphis 1 - Gainesville 0 | BOTTOM OF THE 2ND |
---|
Gainesville Guidos batting - Pitching for Memphis Blues : LHP Ramón Vázquez | Batting: RHB Claudio Gonzáles | 0-0: Called Strike 0-1: Ground out U3 (Groundball, 34) | Batting: SHB Cornell Payne | 0-0: Ball 1-0: Ground out 4-3 (Groundball, 4) | Batting: LHB Pedro Juárez | 0-0: Fly out, F5 (Popup, 15) | Bottom of the 2nd over - 0 runs, 0 hits, 0 errors, 0 left on base; Memphis 1 - Gainesville 0 | TOP OF THE 3RD |
---|
Memphis Blues batting - Pitching for Gainesville Guidos : LHP Ben Head | Batting: RHB Larry Crawford | 0-0: Called Strike 0-1: Ball 1-1: Foul Ball, location: 2F 1-2: DOUBLE (Line Drive, 7LD) | Batting: LHB Jorge Silva | 0-0: Fly out, F9 (Flyball, 9) | Batting: LHB Armando Domínguez | 0-0: Called Strike 0-1: Fly out, F6 (Line Drive, 4MD) | Batting: RHB Jesús Sánchez | 0-0: DOUBLE (Flyball, 8LXD) Larry Crawford scores | Batting: LHB Weston Chaney | 0-0: Ball 1-0: Called Strike 1-1: Called Strike 1-2: Strikes out swinging | Top of the 3rd over - 1 run, 2 hits, 0 errors, 1 left on base; Memphis 2 - Gainesville 0 | BOTTOM OF THE 3RD |
---|
Gainesville Guidos batting - Pitching for Memphis Blues : LHP Ramón Vázquez | Batting: SHB António Ramírez | 0-0: Ball 1-0: Swinging Strike 1-1: Called Strike 1-2: Fly out, F4 (Popup, 4S) | Batting: RHB Mark McDonald | 0-0: SINGLE (Line Drive, 34D) | Batting: LHB Eddy Jefferson | 0-0: Ball Wild Pitch! Mark McDonald to second 1-0: Fly out, F8 (Flyball, 8RS) | Batting: RHB Doug Coleman | 0-0: Fly out, F6 (Line Drive, 6) | Bottom of the 3rd over - 0 runs, 1 hit, 0 errors, 1 left on base; Memphis 2 - Gainesville 0 | TOP OF THE 4TH |
---|
Memphis Blues batting - Pitching for Gainesville Guidos : LHP Ben Head | Batting: RHB Aaron Grizzle | 0-0: Ball 1-0: Ball 2-0: Called Strike 2-1: Swinging Strike 2-2: Ball 3-2: Strikes out swinging | Batting: RHB Jorge Domínguez | 0-0: Ball 1-0: Called Strike 1-1: Ball 2-1: Ball 3-1: Base on Balls | Batting: LHB Phil Cantrell | 0-0: Ball 1-0: Foul Ball, location: 2F 1-1: Foul Ball, location: 2F 1-2: Ball 2-2: Strikes out looking | Batting: RHB Dennis Mays | 0-0: SINGLE (Groundball, 56D) Jorge Domínguez to second | Batting: RHB Larry Crawford | 0-0: Called Strike 0-1: Ball 1-1: SINGLE (Groundball, 25) (infield hit) Jorge Domínguez to third Dennis Mays to second | Batting: LHB Jorge Silva | 0-0: Ball 1-0: Foul Ball, location: 2F 1-1: Ball 2-1: Called Strike 2-2: Ball 3-2: Base on Balls Jorge Domínguez scores Dennis Mays to third Larry Crawford to second | Batting: LHB Armando Domínguez | 0-0: Ball 1-0: Foul Ball, location: 2F 1-1: Foul Ball, location: 2F 1-2: Foul Ball, location: 2F 1-2: Ball 2-2: Ground out 6-3 (Groundball, 6M) | Top of the 4th over - 1 run, 2 hits, 0 errors, 3 left on base; Memphis 3 - Gainesville 0 | BOTTOM OF THE 4TH |
---|
Gainesville Guidos batting - Pitching for Memphis Blues : LHP Ramón Vázquez | Batting: RHB Augusto Baca | 0-0: Swinging Strike 0-1: SINGLE (Flyball, 8LS) | Batting: RHB Dave Hall | 0-0: Ball Pickoff Throw to First - Out! 1-0: Foul Ball, location: 2F 1-1: Ball 2-1: Ball 3-1: Fly out, F3 (Popup, 3DF) | Batting: RHB Claudio Gonzáles | 0-0: Ball 1-0: Ball 2-0: Ball 3-0: Base on Balls | Batting: SHB Cornell Payne | 0-0: Ball 1-0: Fly out, F7 (Flyball, 7) | Bottom of the 4th over - 0 runs, 1 hit, 0 errors, 1 left on base; Memphis 3 - Gainesville 0 | TOP OF THE 5TH |
---|
Memphis Blues batting - Pitching for Gainesville Guidos : LHP Ben Head | Batting: RHB Jesús Sánchez | 0-0: Called Strike 0-1: Foul Ball, location: 2F 0-2: Ball 1-2: Ball 2-2: Fly out, F7 (Line Drive, 78M) | Batting: LHB Weston Chaney | 0-0: Ball 1-0: Called Strike 1-1: Ball 2-1: Swinging Strike 2-2: Strikes out looking | Batting: RHB Aaron Grizzle | 0-0: Ball | |
---|
| | 1-0: Called Strike 1-1: Fly out, F9 (Flyball, 89D) | Top of the 5th over - 0 runs, 0 hits, 0 errors, 0 left on base; Memphis 3 - Gainesville 0 | BOTTOM OF THE 5TH |
---|
Gainesville Guidos batting - Pitching for Memphis Blues : LHP Ramón Vázquez | Batting: LHB Pedro Juárez | 0-0: Swinging Strike 0-1: Ball 1-1: Ball 2-1: Foul Ball, location: 2F 2-2: Strikes out swinging | Batting: SHB António Ramírez | 0-0: Called Strike 0-1: Ball 1-1: SINGLE (Groundball, 6MD) | Batting: RHB Mark McDonald | 0-0: Ball 1-0: SINGLE (Line Drive, 78S) António Ramírez to second | Batting: LHB Eddy Jefferson | 0-0: Ball 1-0: Called Strike 1-1: Ball 2-1: Called Strike 2-2: Ball 3-2: Strikes out swinging | Batting: RHB Doug Coleman | 0-0: Called Strike 0-1: SINGLE (Groundball, 56) (infield hit) António Ramírez to third Mark McDonald to second | Batting: RHB Augusto Baca | 0-0: SINGLE (Line Drive, 56D) António Ramírez scores Mark McDonald to third Doug Coleman to second Runner from 3rd tries for Home, SAFE, no throw | Batting: RHB Dave Hall | 0-0: Called Strike 0-1: Ball 1-1: Called Strike 1-2: Ball 2-2: Ball 3-2: Foul Ball, location: 2F 3-2: Ground out 6-3 (Groundball, 6M) | Bottom of the 5th over - 2 runs, 4 hits, 0 errors, 2 left on base; Memphis 3 - Gainesville 2 | TOP OF THE 6TH |
---|
Memphis Blues batting - Pitching for Gainesville Guidos : LHP Ben Head | Batting: RHB Jorge Domínguez | 0-0: Ball 1-0: Ball 2-0: Called Strike 2-1: Ball 3-1: Base on Balls | Pitching: RHP Jesús Cantú | | Batting: LHB Phil Cantrell | 0-0: Ball Jorge Domínguez steals 2nd base 1-0: Intentional Walk | Batting: RHB Dennis Mays | 0-0: DOUBLE (Line Drive, 9D) Jorge Domínguez scores Phil Cantrell to third Runner from 3rd tries for Home, SAFE, no throw | Batting: RHB Larry Crawford | 0-0: Fly out, F7 (Flyball, 78S) | Batting: LHB Jorge Silva | 0-0: Intentional Walk | Batting: LHB Armando Domínguez | 0-0: Ball 1-0: Ball 2-0: Ball 3-0: Called Strike 3-1: Foul Ball, location: 2F 3-2: Base on Balls Dennis Mays to third Jorge Silva to second | Batting: RHB Jesús Sánchez | 0-0: Called Strike 0-1: Foul Ball, location: 2F 0-2: Fly out, F6 (Popup, P) | Batting: LHB Weston Chaney | 0-0: Swinging Strike 0-1: Foul Ball, location: 2F 0-2: Ball 1-2: Strikes out swinging | Top of the 6th over - 2 runs, 1 hit, 0 errors, 3 left on base; Memphis 5 - Gainesville 2 | BOTTOM OF THE 6TH |
---|
Gainesville Guidos batting - Pitching for Memphis Blues : LHP Ramón Vázquez | Batting: RHB Claudio Gonzáles | 0-0: Called Strike 0-1: Foul Ball, location: 2F 0-2: Ball 1-2: DOUBLE (Line Drive, 7LM) | Batting: SHB Cornell Payne | 0-0: Fly out, F8 (Flyball, 8RM) | Batting: LHB Pedro Juárez | 0-0: Called Strike 0-1: SINGLE (Groundball, 34D) Claudio Gonzáles to third Runner from 3rd tries for Home, SAFE, throw made home | Batting: SHB António Ramírez | 0-0: Ball 1-0: Called Strike 1-1: Called Strike 1-2: Ball 2-2: Ball 3-2: Foul Ball, location: 2F 3-2: Foul Ball, location: 2F 3-2: Ground out U3 (Groundball, 3L) Pedro Juárez to second | Batting: RHB Mark McDonald | 0-0: Called Strike 0-1: Ball 1-1: Foul Ball, location: 2F 1-2: Ball 2-2: Ball 3-2: Base on Balls | Batting: LHB Eddy Jefferson | 0-0: Ball 1-0: Ball 2-0: Ball 3-0: Called Strike 3-1: Base on Balls Pedro Juárez to third Mark McDonald to second | Pitching: LHP Peter Turner | | Batting: RHB Doug Coleman | 0-0: Ball 1-0: SINGLE (Line Drive, 78S) Pedro Juárez scores Mark McDonald to third Eddy Jefferson to second Runner from 3rd tries for Home, SAFE, no throw | Batting: RHB Augusto Baca | 0-0: Ball 1-0: Ball 2-0: Called Strike 2-1: Ground out U3 (Groundball, 34) | Bottom of the 6th over - 3 runs, 3 hits, 0 errors, 2 left on base; Memphis 5 - Gainesville 5 | TOP OF THE 7TH |
---|
Memphis Blues batting - Pitching for Gainesville Guidos : RHP Jesús Cantú | Pinch Hitting: LHB Brenton Carter | 0-0: SINGLE (Line Drive, 7S) | Pinch Hitting: SHB Fernando Gutiérrez | 0-0: Called Strike 0-1: Ball 1-1: Fly out, F8 (Flyball, 8RM) | Pitching: LHP Anthony Robinson | | Pinch Hitting: RHB Julian Lee | 0-0: SINGLE (Groundball, 34D) Brenton Carter to second Runner from 2nd tries for 3rd, OUT! | Pitching: RHP Matt Johnston | | Pinch Hitting: LHB Mark Folger | 0-0: Ball 1-0: Ball 2-0: Foul Ball, location: 2F 2-1: Ball 3-1: Ground out U3 (Groundball, 3) | Top of the 7th over - 0 runs, 2 hits, 0 errors, 1 left on base; Memphis 5 - Gainesville 5 | BOTTOM OF THE 7TH |
---|
Gainesville Guidos batting - Pitching for Memphis Blues : LHP Peter Turner | Now at 2B: Jonny Lord | | Now at 3B: Leopoldo Horgan | | Now in CF: Mark Folger | | Now in RF: Julian Lee | | Batting: RHB Dave Hall | 0-0: Called Strike 0-1: Ball 1-1: Ball 2-1: Called Strike 2-2: Ball 3-2: Ground out 5-3 (Groundball, 56S) | Batting: RHB Claudio Gonzáles | 0-0: Ball 1-0: Foul Ball, location: 2F 1-1: Swinging Strike 1-2: Ball 2-2: Ball 3-2: Foul Ball, location: 2F 3-2: SINGLE (Groundball, 6MD) | Batting: SHB Cornell Payne | 0-0: Ball 1-0: SINGLE (Groundball, 5D) Claudio Gonzáles to second | Pinch Hitting: SHB Kent Phillips | 0-0: Ball 1-0: Ball 2-0: Ball 3-0: Called Strike 3-1: Foul Ball, location: 2F 3-2: Strikes out swinging | Batting: SHB António Ramírez | 0-0: Ball 1-0: Ball 2-0: Ball 3-0: Called Strike 3-1: Fly out, F7 (Line Drive, 7) | Bottom of the 7th over - 0 runs, 2 hits, 0 errors, 2 left on base; Memphis 5 - Gainesville 5 | TOP OF THE 8TH |
---|
Memphis Blues batting - Pitching for Gainesville Guidos : RHP Matt Johnston | Now at 3B: Craig Chapman | | Batting: RHB Larry Crawford | 0-0: Ball 1-0: Ball 2-0: Swinging Strike 2-1: Ball 3-1: Foul Ball, location: 2F 3-2: Foul Ball, location: 2F 3-2: Base on Balls | Batting: LHB Jorge Silva | 0-0: Ball 1-0: Fly out, F6 (Popup, 6) | Batting: LHB Armando Domínguez | 0-0: Foul Ball, location: 2F 0-1: Ball 1-1: Ground out 5-3 (Groundball, 56S) Larry Crawford to second | Batting: RHB Jesús Sánchez | 0-0: DOUBLE (Line Drive, 78D) Larry Crawford scores | Batting: LHB Weston Chaney | 0-0: Ball 1-0: Foul Ball, location: 2F 1-1: Ball 2-1: Ball 3-1: Base on Balls | Batting: RHB Jonny Lord | 0-0: Called Strike 0-1: Called Strike 0-2: Ball 1-2: Ball 2-2: Fly out, F8 (Flyball, 8RD) | Top of the 8th over - 1 run, 1 hit, 0 errors, 2 left on base; Memphis 6 - Gainesville 5 | BOTTOM OF THE 8TH |
---|
Gainesville Guidos batting - Pitching for Memphis Blues : LHP Peter Turner | Batting: RHB Mark McDonald | 0-0: Fly out, F4 (Popup, 3D) | Batting: LHB Eddy Jefferson | 0-0: Ball 1-0: Ball 2-0: Called Strike 2-1: Foul Ball, location: 2F 2-2: Foul Ball, location: 2F 2-2: Strikes out looking | Batting: RHB Doug Coleman | 0-0: Ball 1-0: Ball 2-0: SINGLE (Groundball, 6D) | Pitching: LHP Fernando Palácios | | Batting: RHB Augusto Baca | 0-0: Ball 1-0: Fly out, F8 (Flyball, 8LM) | Bottom of the 8th over - 0 runs, 1 hit, 0 errors, 1 left on base; Memphis 6 - Gainesville 5 | TOP OF THE 9TH |
---|
Memphis Blues batting - Pitching for Gainesville Guidos : RHP Matt Johnston | Pitching: RHP Iván Maldonado | | Batting: RHB Leopoldo Horgan | 0-0: Ball 1-0: Called Strike 1-1: Swinging Strike 1-2: Ball 2-2: Foul Ball, location: 2F 2-2: Strikes out swinging | Batting: RHB Julian Lee | 0-0: SINGLE (Flyball, 34D) | Batting: LHB Mark Folger | 0-0: Ball Throwing error on steal attempt, E2 Julian Lee to third 1-0: Intentional Walk | Pinch Hitting: SHB Ken Austin | 0-0: Ball Mark Folger steals 2nd base 1-0: Ball 2-0: Foul Ball, location: 2F 2-1: Ball 3-1: Ground out U3 (Groundball, 34S) | Batting: LHB Jorge Silva | 0-0: Ball 1-0: Ground out 6-3 (Groundball, 6D) | Top of the 9th over - 0 runs, 1 hit, 1 error, 2 left on base; Memphis 6 - Gainesville 5 | BOTTOM OF THE 9TH |
---|
Gainesville Guidos batting - Pitching for Memphis Blues : LHP Fernando Palácios | Pitching: RHP Luis Pistoni | | Now at C: Salvador Mendoza | | Now in LF: Jeff Bergeron | | Pinch Hitting: LHB Scott Young | 0-0: Called Strike 0-1: Foul Ball, location: 2F 0-2: Ball 1-2: Ground out 4-3 (Groundball, 4) | Batting: RHB Claudio Gonzáles | 0-0: Swinging Strike 0-1: Swinging Strike 0-2: Ball 1-2: Strikes out swinging | Batting: SHB Cornell Payne | 0-0: Called Strike 0-1: Ball 1-1: Called Strike 1-2: Ball 2-2: Ground out 1-3 (Groundball, 15S) | Bottom of the 9th over - 0 runs, 0 hits, 0 errors, 0 left on base; Memphis 6 - Gainesville 5 | | Saturday, December 16th, 2017 - OOTP Baseball 18.8 Build 76 | |